 Dungeon Crawl Stone Soup version 0.21.0 (webtiles) character file.

821 grindst0ne the Firebug (level 7, 0/36 HPs)
             Began as a Deep Elf Fire Elementalist on Jan 6, 2018.
             Was an Initiate of Vehumet.
             Killed from afar by an orc wizard (9 damage)
             ... with a magic dart
             ... on level 5 of the Dungeon.
             The game lasted 00:17:32 (5544 turns).

grindst0ne the Firebug (Deep Elf Fire Elementalist) Turns: 5544, Time: 00:17:33

Health: 0/36       AC:  5    Str:  5    XL:     7   Next: 63%
Magic:  0/16       EV: 13    Int: 22    God:    Vehumet [......]
Gold:   271        SH:  0    Dex: 15    Spells: 5/16 levels left

rFire    + . .     SeeInvis .   s - +0 rapier
rCold    . . .     Gourm    .   (no shield)
rNeg     . . .     Faith    .   t - +0 robe (curse)
rPois    .         Spirit   .   i - +1 hat
rElec    .         Reflect  .   w - +0 cloak
rCorr    .         Harm     .   (no gloves)
MR       .....                  g - +0 pair of boots
Stlth    ++........             (no amulet)
HPRegen  0.12/turn              r - ring of protection from fire
MPRegen  0.15/turn              (no ring)

@: no status effects
A: no striking features
a: Renounce Religion


You were on level 5 of the Dungeon.
You worshipped Vehumet.
Vehumet was noncommittal.
You were very hungry.

You visited 2 branches of the dungeon, and saw 9 of its levels.

You collected 271 gold pieces.

Inventory:

Hand Weapons
 s - a +0 rapier (weapon)
Armour
 a - a +0 robe
 d - a +0 robe
 g - a +0 pair of boots (worn)
 i - a +1 hat (worn)
 p - a +0 helmet
 t - a cursed +0 robe (worn)
 w - a +0 cloak (worn)
Jewellery
 r - a ring of protection from fire (left hand)
Scrolls
 e - 3 scrolls of remove curse
 f - a scroll of fear {unknown}
 j - 4 scrolls of teleportation
 k - a scroll of identify
 m - a scroll of blinking {unknown}
 n - 2 scrolls of random uselessness {unknown}
 v - 2 scrolls of magic mapping {unknown}
Potions
 h - 2 potions of might
 l - 2 potions of lignification
 o - 2 potions of curing
 q - 2 potions of heal wounds {unknown}
 u - a potion of agility
 z - a potion of haste {unknown}
Books
 b - a book of Flames

   Spells                             Type                      Level
   a - Flame Tongue                   Conjuration/Fire             1
   b - Throw Flame                    Conjuration/Fire             2
   c - Conjure Flame                  Conjuration/Fire             3
   d - Inner Flame                    Hexes/Fire                   3
   e - Sticky Flame                   Conjuration/Fire             4
   f - Fireball                       Conjuration/Fire             5
 y - a book of Annihilations

   Spells                             Type                      Level
   a - Poison Arrow                   Conjuration/Poison           6
   b - Chain Lightning                Conjuration/Air              8
   c - Lehudib's Crystal Spear        Conjuration/Earth            8
   d - Glaciate                       Conjuration/Ice              9
   e - Fire Storm                     Conjuration/Fire             9
Comestibles
 c - 11 rations
 x - 2 chunks of flesh


   Skills:
 - Level 2.4 Dodging
 - Level 2.4 Stealth
 - Level 5.0 Spellcasting
 + Level 6.2 Conjurations
 + Level 7.0 Fire Magic


You had 5 spell levels left.
You knew the following spells:

 Your Spells              Type           Power        Failure   Level  Hunger
a - Flame Tongue          Conj/Fire      ####.        1%          1    None
b - Throw Flame           Conj/Fire      ####..       1%          2    None
c - Conjure Flame         Conj/Fire      ####....     1%          3    ##.....
d - Fireball              Conj/Fire      ####......   19%         5    #####..


Dungeon Overview and Level Annotations

Branches:
Dungeon (8/15)             Temple (1/1) D:5
   Lair: D:8-11

Altars:
Ashenzari
Cheibriados
Dithmenos
Elyvilon
Fedhas
Gozag
Hepliaklqana
Kikubaaqudgha
Makhleb
Nemelex Xobeh
Okawaru
Ru
Trog
Uskayaw
Vehumet
Wu Jian
Xom
Yredelemnul
Zin
The Shining One

Annotations:
D:4 exclusion: downstairs
D:8 Gastronok, Maurice


Message History

Press: ? - help, Shift-Dir - straight line, f/p - orc wizard
Aim: an orc wizard, wielding a dagger and wearing a robe (moderately wounded, fast)
The puff of flame hits the orc wizard.
The orc wizard is severely wounded.
The orc wizard gestures wildly while chanting.
The orc wizard blinks!
A zombie and a skeleton come into view.
The orc wizard hits you but does no damage.
The orc wizard gestures at you while chanting.
The magic dart hits you!
The orc wizard hits you but does no damage.
Found an escape hatch in the floor.
There is an escape hatch in the ceiling here.
The orc wizard hits you with a dagger.
* * * LOW HITPOINT WARNING * * *
The hound zombie misses you. A mysterious force pulls you upwards.
The hatch slams shut behind you.
The orc wizard points at you and mumbles some strange words.
The magic dart hits you!
You die...

............##
.............###
...<...........#
.##........#...###
####.....#.#.....##
#.#...#...##...#
#.....###......#
###....####....#
#....# ##.@.#
###..## #...# ##..#
#..o# #..# #...#
#### #####


You could see an orc wizard.

Vanquished Creatures
  A centaur (D:5)
  A bullfrog (D:5)
  2 scorpions
  A bullfrog zombie (D:5)
  3 hounds (D:4)
  A centaur skeleton (D:8)
  2 orc priests
  2 orc wizards (D:3)
  3 iguanas
  2 worker ants (D:4)
  Robin (D:2)
  A gnoll (D:1)
  7 adders
  An ooze (D:1)
  3 leopard geckos
  10 orcs
  3 bats
  7 giant cockroaches
  15 hobgoblins
  A jackal (D:7)
  5 frilled lizards
  12 goblins
  10 kobolds
  A quokka skeleton (D:5)
  A quokka zombie (D:6)
  7 rats
103 creatures vanquished.

Notes
Turn   | Place    | Note
-------+----------+-------------------------------------------
     0 | D:1      | grindst0ne the Deep Elf Fire Elementalist began the quest for the Orb.
     0 | D:1      | Reached XP level 1. HP: 10/10 MP: 6/6
   168 | D:1      | Reached XP level 2. HP: 15/15 MP: 0/8
   282 | D:1      | Learned a level 2 spell: Throw Flame
   402 | D:1      | Reached XP level 3. HP: 18/19 MP: 1/10
   764 | D:2      | Learned a level 3 spell: Conjure Flame
   799 | D:2      | Reached skill level 4 in Fire Magic
   871 | D:2      | Noticed Robin
   876 | D:2      | Killed Robin
   907 | D:1      | Reached XP level 4. HP: 13/24 MP: 0/12
  1211 | D:2      | You fall through a shaft!
  1315 | D:2      | Found a snail-covered altar of Cheibriados.
  1812 | D:3      | Reached XP level 5. HP: 27/28 MP: 1/14
  1823 | D:3      | Learned a level 5 spell: Fireball
  1976 | D:3      | Reached skill level 5 in Spellcasting
  2543 | D:4      | Reached skill level 5 in Fire Magic
  2842 | D:4      | Reached XP level 6. HP: 29/32 MP: 2/15
  3661 | D:4      | Found an ornate altar of the Wu Jian Council.
  3662 | D:4      | Found a sacrificial altar of Ru.
  3667 | D:4      | Found a hazy altar of Hepliaklqana.
  3668 | D:4      | Found a white marble altar of Elyvilon.
  3669 | D:4      | Found a bloodstained altar of Trog.
  3669 | D:4      | Found a shadowy altar of Dithmenos.
  3670 | D:4      | Found a shimmering altar of Xom.
  3677 | D:4      | Found an opulent altar of Gozag.
  3863 | D:5      | Entered Level 5 of the Dungeon
  4075 | D:5      | Found a staircase to the Ecumenical Temple.
  4097 | Temple   | Entered the Ecumenical Temple
  4119 | Temple   | Became a worshipper of Vehumet
  4186 | D:5      | Reached skill level 5 in Conjurations
  4186 | D:5      | Reached skill level 6 in Fire Magic
  4357 | D:4      | Reached XP level 7. HP: 17/36 MP: 3/16
  5066 | D:5      | You fall through a shaft for 3 floors!
  5169 | D:8      | Noticed Gastronok
  5178 | D:8      | Noticed Maurice
  5457 | D:7      | Found a snail-covered altar of Cheibriados.
  5502 | D:6      | Reached skill level 7 in Fire Magic
  5544 | D:5      | Killed from afar by an orc wizard

Skill      XL: |  1  2  3  4  5  6  7 |
---------------+----------------------+-----
Conjurations   | 2 3 4 5 6 |  6.2
Spellcasting   | 4 5 |  5.0
Fire Magic     | 4 5 6 7 |  7.0
Dodging        | |  2.4
Stealth        | |  2.4

Action                   |  1- 3 |  4- 6 |  7- 9 || total
-------------------------+-------+-------+-------++-------
Melee: Club              |     1 |    54 |       ||    55
       Rapier            |       |     7 |    15 ||    22
 Cast: Flame Tongue      |    49 |    74 |     1 ||   124
       Throw Flame       |     6 |    61 |    34 ||   101
  Use: Scroll            |       |     8 |     1 ||     9
       Potion            |       |       |     2 ||     2
  Eat: Chunk             |       |    10 |     3 ||    13
Armor: Robe              |     4 |    39 |    13 ||    56
Dodge: Dodged            |    12 |    85 |    31 ||   128
